 Dungeon Crawl Stone Soup version 0.31.0-32-g396128a36d (webtiles) character file.

Game seed: 7713840067806232248

74 PaiMei the Grave Robber (level 4, -2/30 HPs)
             Began as a Demonspawn Necromancer on Mar 20, 2024.
             Slain by a ribbon worm (5 damage)
             ... on level 3 of the Dungeon.
             The game lasted 00:03:56 (2172 turns).

PaiMei the Grave Robber (Demonspawn Necromancer)    Turns: 2172, Time: 00:03:56

Health: -2/30      AC:  2    Str:  8    XL:     4   Next: 10%
Magic:  0/7        EV: 12    Int: 18    God:
Gold:   128        SH:  0    Dex: 13    Spells: 7/8 levels left

rFire   . . .        k - +1 whip (flame)
rCold   . . .        (no shield)
rNeg    . . .        a - +0 robe
rPois   .            (helmet restricted)
rElec   .            (no cloak)
rCorr   .            (no gloves)
SInv    .            (no boots)
Will    .....        (no amulet)
Stlth   ++           (no ring)
HPRegen 0.25/turn    (no ring)
MPRegen 0.10/turn

%: no passive effects
@: no status effects
A: horns 1
a: no special abilities


You were on level 3 of the Dungeon.
You visited 1 branch of the dungeon, and saw 3 of its levels.

You collected 128 gold pieces.

Inventory:

Hand Weapons
 d - a +0 dagger
 f - a +0 falchion
 k - a +1 whip of flaming (weapon)
Missiles
 j - 5 poisoned darts (quivered)
Armour
 a - a +0 robe (worn)
Scrolls
 g - 3 scrolls of amnesia {unknown}
 h - a scroll of fear {unknown}
 i - 2 scrolls of immolation {unknown}
 l - a scroll of poison {unknown}
 o - a scroll of identify {unknown}
 p - a scroll of noise {unknown}
Potions
 b - a potion of magic
 c - a potion of mutation {unknown}
 e - 2 potions of degeneration {unknown}
 m - a potion of invisibility {unknown}
 n - 2 potions of resistance {unknown}


   Skills:
 + Level 2.4 Dodging
 + Level 2.5 Stealth
 + Level 2.6 Spellcasting
 + Level 4.9 Necromancy


You had 7 spell levels left.
You knew the following spells:

 Your Spells              Type           Power      Damage    Failure   Level
a - Necrotise             Necr           80%        1d8       2%          1

Your spell library contained the following spells:

 Spells                   Type           Power      Damage    Failure   Level
 Vampiric Draining        Necr           20%        2d7       7%          3
 Animate Dead             Necr           20%        N/A       22%         4
 Curse of Agony           Necr           20%        N/A       52%         5


Dungeon Overview and Level Annotations

Branches:
Dungeon (3/15)

Altars:


Innate Abilities, Weirdness & Mutations

You have a pair of small horns on your head.


Message History

Casting: Necrotise (safe; 2% risk of failure)
Confirm with . or Enter, or press ? or * to list all spells.
You don't have enough magic to cast this spell.
There are monsters nearby!
The ribbon worm barely misses you.
You hit the ribbon worm. You burn the ribbon worm.
You headbutt the ribbon worm, but do no damage.
The ribbon worm is heavily wounded.
The ribbon worm closely misses you.
You completely miss the ribbon worm.
The ribbon worm is heavily wounded.
The ribbon worm bites you but does no damage.
Casting: Necrotise (safe; 2% risk of failure)
Confirm with . or Enter, or press ? or * to list all spells.
You don't have enough magic to cast this spell.
You hit the ribbon worm but do no damage.
The ribbon worm is heavily wounded.
The ribbon worm bites you.
Casting: Necrotise (safe; 2% risk of failure)
Confirm with . or Enter, or press ? or * to list all spells.
You don't have enough magic to cast this spell.
You hit the ribbon worm. You burn the ribbon worm.
The ribbon worm is severely wounded.
The ribbon worm expels a string of sticky webbing.
The stream of webbing hits you but does no damage.
You are caught in a web!
You struggle to detach yourself from the web.
The web tears apart.
The ribbon worm bites you.
* * * LOW HITPOINT WARNING * * *
Casting: Necrotise (safe; 2% risk of failure)
Confirm with . or Enter, or press ? or * to list all spells.
Aiming: Necrotise (safe; 2% risk of failure)
Press: ? - help, Shift-Dir - straight line, f/p - ribbon worm
Aim: a ribbon worm (severely wounded, chance to affect: 84%)
The ribbon worm writhes in agony.
The ribbon worm bites you.
* * * LOW HITPOINT WARNING * * *
You barely miss the ribbon worm.
The ribbon worm is severely wounded.
The ribbon worm bites you.
You die...

######
#....########
#.##(.......#
#.##........#
#.##........#
#.##........#
#@######.<###
#w# ##.# #r#
#.# #.†...#
#.# #.#.#.#
#.#
#.......#.#
#.#.#.#...#
#....(..###
..#..#.##


You could see a ribbon worm and a quokka.

Vanquished Creatures
  3 adders
  3 endoplasms (D:1)
  4 giant cockroaches
  5 goblins (D:1)
  6 hobgoblins
  5 jackals (D:2)
  2 kobolds
  A quokka (D:2)
  6 ball pythons
  A bat (D:2)
  2 frilled lizards
  4 rats
42 creatures vanquished.

Notes
Turn   | Place    | Note
-------+----------+-------------------------------------------
     0 | D:1      | PaiMei the Demonspawn Necromancer began the quest for the
                  | Orb.
     0 | D:1      | Reached XP level 1. HP: 13/13 MP: 3/3
   390 | D:1      | Gained mutation: You have a pair of small horns on your
                  | head. [demonic ancestry]
   390 | D:1      | Reached XP level 2. HP: 19/19 MP: 3/5
  1042 | D:2      | Reached XP level 3. HP: 24/24 MP: 0/6
  2048 | D:3      | Reached XP level 4. HP: 30/30 MP: 0/7
  2172 | D:3      | Slain by a ribbon worm

Illustrated notes

Levels and vault maps discovered:
D:1:      minmay_arrival_three_doors, layout_basic, serial_bayou,
          serial_bayou_crossing, serial_bayou_lagoon_a, serial_bayou_shore_b,
          serial_bayou_pond_d
D:2:      layout_basic
D:3:      layout_rooms, serial_glass, glass_columns_a, glass_columns_a,
          glass_columns_a, item_on_display_a, item_on_display_a, uniq_jessica,
          uniq_robin

Skill      XL: |  1 |
---------------+----+-----
Dodging        | 2 |  2.4
Stealth        | 2 |  2.5
Spellcasting   | |  2.6
Necromancy     | |  4.9

Action                     |  1- 3 |  4- 6 || total
---------------------------+-------+-------++-------
  Melee: Falchion          |     5 |       ||     5
         Headbutt          |     2 |     2 ||     4
         Whip              |    13 |     8 ||    21
         Punch             |     1 |     1 ||     2
   Cast: Necrotise         |    63 |    11 ||    74
 Armour: Robe              |    15 |    10 ||    25
  Dodge: Dodged            |    16 |     7 ||    23
